 Dungeon Crawl Stone Soup version 0.17-a0-1738-g82cdc46 (webtiles) character file.

8683 karlkraus the Blocker (level 11, 0/97 HPs)
             Began as a Minotaur Fighter on Aug 30, 2015.
             Was a Priest of Makhleb.
             Slain by a porcupine (3 damage)
             ... on level 1 of the Lair of Beasts.
             The game lasted 00:25:30 (8990 turns).

karlkraus the Blocker (Minotaur Fighter)            Turns: 8990, Time: 00:25:31

Health: 0/97       AC: 14    Str: 20    XL:     11   Next: 13%
Magic:  10/10      EV: 13    Int:  5    God:    Makhleb [***...]
Gold:   758        SH: 12    Dex: 14    Spells: 0 memorised, 10 levels left

rFire  + + .     SeeInvis .     a - +1 flail
rCold  x . .     Clarity  .     w - +0 fire dragon armour
rNeg   . . .     SustAt   .     c - +0 shield
rPois  .         Gourm    .     (helmet restricted)
rElec  .         Spirit   .     z - +0 cloak {MR+}
rCorr  .         Warding  .     g - +0 pair of gloves
rMut   .         Stasis   .     (no boots)
MR     +....                    (no amulet)
Stlth  ..........               (no ring)
                                G - ring of loudness (curse)

@: studying Armour, somewhat resistant to hostile enchantments, extremely
unstealthy
A: retaliatory headbutt, horns 2
a: Minor Destruction, Lesser Servant of Makhleb, Renounce Religion


You were on level 1 of the Lair of Beasts.
You worshipped Makhleb.
Makhleb was most pleased with you.
You were near starving.

You visited 2 branches of the dungeon, and saw 10 of its levels.
You also visited: Sewer.

You collected 758 gold pieces.

Inventory:

Hand weapons
 a - a +1 flail (weapon)
Armour
 c - a +0 shield (worn)
 g - a +0 pair of gloves (worn)
 r - a +0 large shield
 w - a +0 fire dragon armour (worn)
 z - a +0 cloak of magic resistance (worn)
 M - a troll hide
 N - the +2 chain mail of the Moon {Int+3, unknown}
   (You found it on level 1 of the Lair of Beasts)

   It affects your intelligence (+3).
Jewellery
 G - a cursed ring of loudness (left hand)
 O - an uncursed amulet of clarity {unknown}
 R - an uncursed ring of see invisible {unknown}
Magical devices
 f - a wand of lightning (11)
 x - a wand of teleportation (7)
 y - a wand of paralysis (12)
 L - a wand of flame (15)
Scrolls
 j - 10 scrolls of identify
 l - 3 scrolls of fog
 m - 2 scrolls of enchant weapon
 o - 3 scrolls of fear
 s - a scroll of amnesia
 v - 2 scrolls of remove curse
 A - a scroll of teleportation
 B - a scroll of magic mapping {unknown}
 D - 2 scrolls of random uselessness
Potions
 b - a potion of degeneration {unknown}
 d - 5 potions of might
 h - 2 potions of curing
 p - 2 potions of flight
 q - 4 potions of agility
 t - a potion of invisibility
 C - 3 potions of brilliance
 F - a potion of cancellation
 K - a potion of haste {unknown}
 P - a potion of ambrosia {unknown}
Books
 n - a book of Death

   Spells                             Type                      Level
   a - Corpse Rot                     Necromancy                   2
   b - Sublimation of Blood           Necromancy                   2
   c - Agony                          Necromancy                   5
   d - Dispel Undead                  Necromancy                   5
   e - Excruciating Wounds            Charms/Necromancy            5
   f - Bolt of Draining               Conjuration/Necromancy       5
 E - a manual of
Armour
 I - a book of Callings

   Spells                             Type                      Level
   a - Summon Small Mammal            Summoning                    1
   b - Call Imp                       Summoning                    2
   c - Call Canine Familiar           Summoning                    3
   d - Summon Guardian Golem          Hexes/Summoning              3
   e - Summon Lightning Spire         Summoning/Air                4
   f - Summon Ice Beast               Ice/Summoning                4
 Q - a book of Debilitation

   Spells                             Type                      Level
   a - Corona                         Hexes                        1
   b - Slow                           Hexes                        2
   c - Gell's Gravitas                Hexes/Translocation          3
   d - Inner Flame                    Hexes/Fire                   3
   e - Cause Fear                     Hexes                        4
   f - Leda's Liquefaction            Hexes/Earth                  4
Comestibles
 e - 12 bread rations
 i - 8 beef jerkies
 k - 3 meat rations
 u - a royal jelly
 H - 3 fruits
 J - a slice of pizza


   Skills:
 + Level 9.3 Fighting
 + Level 10.0 Maces & Flails
 + Level 9.4 Armour
 + Level 8.0 Dodging
 + Level 1.1 Stealth
 + Level 11.1 Shields


You had 10 spell levels left.
You didn't know any spells.

Dungeon Overview and Level Annotations

Branches:
Dungeon (9/15)             Temple (0/1) D:7            Lair (1/8) D:8
    Orc: D:9-12

Altars:
Ashenzari
Dithmenos
Elyvilon
Gozag
Kikubaaqudgha
Makhleb
Okawaru
Qazlal
Ru
Sif Muna
Vehumet
Xom
Zin


Innate Abilities, Weirdness & Mutations

You reflexively headbutt those who attack you in melee.
You have a pair of horns on your head.


Message History

You headbutt the porcupine, but do no damage.
The porcupine is severely wounded.
You block the porcupine's attack. You block the spiny frog's attack.
The river rat closely misses you.
The river rat bites you but does no damage.
You barely miss the porcupine.
The porcupine is severely wounded.
The sentinel's mark upon you fades away.
You block the porcupine's attack. The spiny frog barely misses you.
The river rat bites you.
* * * LOW HITPOINT WARNING * * *
The river rat bites you but does no damage.
Drink which item? (? for menu, Esc to quit)
It was a potion of cancellation.
Your magical effects are unravelling.
Your magical contamination has completely faded away.
You feel magically purged.
You flicker back into view.
The porcupine bites you.
You die...

#.#...##....#.#...........#
.+##
#.....P#...##.#.#.....#.###
#.....##...##.#.##....###
#.....##.#.##........#..
#..........##.P.)...#...#
....P.......#...#...#..##
#...#....#....#.##..#..#
#........#..#.#F##r.+...
#...#....#.#$..r@rr.# ..
..#.#......##.#r##.#....#
#.#......#..#..r...# ..#
#...#.........#.##.#. .
#.#........##........
..#.#.##.#.##...#..##.
#.#.#.##.P.##.#....#
#.#...##...#..#.##.#
....................$


You could see a spiny frog, a porcupine and 5 river rats.

Vanquished Creatures
  Erolcha (D:8)
  Pikel (D:5)
  Maurice (D:8)
  A spiny frog (Lair:1)
  2 trolls
  Grinder (D:5)
  A two-headed ogre (D:9)
  5 yaks (D:9)
  2 hippogriffs
  A basilisk (D:8)
  2 water moccasins
  Duvessa (D:4)
  5 porcupines
  An ice beast (D:7)
  5 crocodiles
  A necrophage (D:6)
  3 ogres
  5 centaurs
  Blork the orc (D:4)
  4 big kobolds (D:4)
  7 giant frogs
  Dowan (D:4)
  A scorpion (D:9)
  11 killer bees
  4 wights (D:9)
  A giant frog zombie (D:8)
  2 crimson imps
  2 hounds
  A giant frog skeleton (D:8)
  A jelly (D:8)
  2 centaur skeletons
  An orc priest (D:8)
  Jessica (D:2)
  4 iguanas
  An orc wizard (D:5)
  8 sheep (D:8)
  3 worker ants
  A worker ant zombie (D:9)
  11 adders
  29 gnolls
  15 river rats
  2 adder zombies
  5 oozes (Sewer)
  3 worms
  9 giant geckos
  7 orcs
  7 giant cockroaches
  33 goblins
  27 hobgoblins
  14 jackals
  4 kobolds
  4 ball pythons
  17 bats
  9 giant newts
  3 quokkas
  7 rats
302 creatures vanquished.

Vanquished Creatures (others)
  A water moccasin zombie (D:5)
  A giant newt (D:5)
  A fungus (Lair:1)
3 creatures vanquished.

Grand Total: 305 creatures vanquished

Notes
Turn   | Place    | Note
--------------------------------------------------------------
     0 | D:1      | karlkraus the Minotaur Fighter began the quest for the Orb.
     0 | D:1      | Reached XP level 1. HP: 19/19 MP: 0/0
   120 | D:1      | Reached XP level 2. HP: 25/27 MP: 1/1
   292 | D:1      | Reached skill level 4 in Armour
   621 | D:2      | Found a faded altar to an unknown god.
   648 | D:2      | Reached XP level 3. HP: 33/33 MP: 2/2
   736 | D:2      | Found a white marble altar of Elyvilon.
   738 | D:2      | Found an ancient bone altar of Kikubaaqudgha.
   740 | D:2      | Found a radiant altar of Vehumet.
   908 | D:2      | Found an iron altar of Okawaru.
   915 | D:2      | Reached XP level 4. HP: 40/40 MP: 3/3
   952 | D:2      | Reached skill level 1 in Dodging
  1047 | D:2      | You fall through a shaft for 2 floors!
  1085 | D:4      | Noticed Duvessa
  1086 | D:4      | Noticed Dowan
  1090 | D:4      | Noticed Blork the orc
  1091 | D:4      | Killed Duvessa
  1091 | D:4      | Reached skill level 5 in Shields
  1091 | D:4      | Reached XP level 5. HP: 21/47 MP: 4/4
  1093 | D:4      | Killed Blork the orc
  1093 | D:4      | Reached skill level 5 in Armour
  1097 | D:4      | Killed Dowan
  1097 | D:4      | Reached XP level 6. HP: 18/53 MP: 5/5
  1473 | D:3      | Found a deep blue altar of Sif Muna.
  1908 | D:3      | Found a glowing drain.
  1923 | Sewer    | Entered a sewer
  2734 | D:2      | Noticed Jessica
  2745 | D:2      | Killed Jessica
  3019 | D:4      | Reached skill level 6 in Shields
  3072 | D:4      | Found a sacrificial altar of Ru.
  3310 | D:4      | Noticed a big kobold
  3311 | D:4      | Noticed a big kobold
  3314 | D:4      | Noticed a big kobold
  3317 | D:4      | Noticed a big kobold
  3331 | D:4      | Killed a big kobold
  3331 | D:4      | Reached XP level 7. HP: 20/60 MP: 6/6
  3341 | D:4      | Killed a big kobold
  3341 | D:4      | Killed a big kobold
  3341 | D:4      | Reached skill level 5 in Fighting
  3354 | D:4      | Killed a big kobold
  3747 | D:4      | Reached skill level 7 in Shields
  3937 | D:5      | Entered Level 5 of the Dungeon
  4017 | D:5      | Found a stormy altar of Qazlal.
  4033 | D:5      | Noticed Grinder
  4037 | D:5      | Paralysed by Grinder for 4 turns
  4076 | D:5      | Paralysed by Grinder for 4 turns
  4080 | D:5      | Killed Grinder
  4080 | D:5      | Reached XP level 8. HP: 12/69 MP: 7/7
  4315 | D:5      | Reached skill level 5 in Maces & Flails
  4447 | D:5      | Noticed Pikel
  4478 | D:5      | Killed Pikel
  4478 | D:5      | Reached skill level 5 in Dodging
  4614 | D:5      | Reached skill level 8 in Shields
  5207 | D:6      | Reached XP level 9. HP: 70/78 MP: 8/8
  5210 | D:6      | Found an opulent altar of Gozag.
  5327 | D:6      | Found a shimmering altar of Xom.
  5461 | D:6      | Noticed a troll
  5470 | D:6      | Killed a troll
  5854 | D:7      | Found a shadowy altar of Dithmenos.
  5966 | D:7      | Found a burning altar of Makhleb.
  5989 | D:7      | Became a worshipper of Makhleb the Destroyer
  6381 | D:7      | Found a staircase to the Ecumenical Temple.
  6521 | D:8      | Reached skill level 9 in Shields
  6527 | D:8      | Found a shattered altar of Ashenzari.
  6545 | D:8      | Noticed Erolcha
  6559 | D:8      | Paralysed by Erolcha for 3 turns
  6563 | D:8      | Killed Erolcha
  6563 | D:8      | Reached skill level 1 in Stealth
  6853 | D:8      | Reached XP level 10. HP: 88/88 MP: 9/9
  6897 | D:8      | Acquired Makhleb's first power
  6903 | D:8      | Reached skill level 10 in Shields
  6944 | D:8      | Found a staircase to the Lair.
  7161 | D:8      | Noticed Maurice
  7176 | D:8      | Killed Maurice
  7683 | D:9      | Found a glowing silver altar of Zin.
  7959 | D:9      | Acquired Makhleb's second power
  8554 | Lair:1   | Entered Level 1 of the Lair of Beasts
  8642 | Lair:1   | Got a brightly glowing chain mail
  8694 | Lair:1   | Reached XP level 11. HP: 59/97 MP: 10/10
  8811 | Lair:1   | Acquired Makhleb's third power
  8811 | Lair:1   | Reached skill level 11 in Shields
  8850 | Lair:1   | Reached skill level 10 in Maces & Flails
  8989 | Lair:1   | HP: 3/97 [river rat (2)]
  8990 | Lair:1   | Slain by a porcupine

Vault maps used:
D:1:      dpeg_arrival_arbitrary_b
D:2:      gammafunk_temple_overflow_forgotten, okawaru_metal_pillars_3,
          ecumenical_altar_1, uniq_jessica
D:3:      nicolae_overflow_hidden_temple, portal_sewer_entry_f, minivault_24
D:4:      minmay_goblin_kobold_castle, lemuel_doored_altar, first_bread,
          uniq_blork_the_orc, uniq_duvessa
D:5:      grunt_qazlal_clouds, uniq_grinder, uniq_pikel
D:6:      grunt_gozag_statues, tgw_xom
D:7:      old_standard_altar, makhleb_heckhound_becter,
          minmay_temple_entry_fiery, grunt_ogre_cave, grunt_ministairs_10,
          minmay_misc_feat_chi
D:8:      old_standard_altar, minmay_lair_entry_grove,
          hangedman_abyss_or_decor_slice, corexii_corridor_pit, uniq_maurice,
          uniq_erolcha
D:9:      overflow_temple_1_default
Lair:1:   grunt_megastairs_2
Sewer:    sewer_fruit_machine

Action                   |  1- 3 |  4- 6 |  7- 9 | 10-12 || total
-------------------------+-------+-------+-------+-------++-------
Melee: Flail             |   112 |   180 |   387 |   352 ||  1031
  Use: Potion            |     4 |     3 |     3 |     4 ||    14
       Scroll            |       |       |    16 |     1 ||    17
 Stab: Invisible         |       |       |       |     1 ||     1
  Eat: Chunk             |       |     8 |    10 |     7 ||    25
       Pizza             |       |       |     1 |       ||     1
